 Dungeon Crawl Stone Soup version 0.17-a0-1646-geb1493d (webtiles) character file.

827 Darq the Chiller (level 7, 0/46 HPs)
             Began as a Vampire Ice Elementalist on July 20, 2015.
             Was an Initiate of Sif Muna.
             Slain by a killer bee (10 damage)
             ... on level 6 of the Dungeon on Aug 10, 2015.
             The game lasted 01:02:05 (7406 turns).

Darq the Chiller (Vampire Ice Elementalist)         Turns: 7406, Time: 01:02:06

Health: 0/46       AC:  0    Str:  2    XL:     7   Next: 64%
Magic:  11/11      EV: 20    Int: 20    God:    Sif Muna [......]
Gold:   326        SH:  0    Dex: 19    Spells: 3 memorised, 6 levels left

rFire  . . .     SeeInvis +       - Unarmed
rCold  . . .     Clarity  .     (armour currently unavailable)
rNeg   + . .     SustAt   .     (shield currently unavailable)
rPois  .         Gourm    .     (helmet currently unavailable)
rElec  .         Spirit   .     (cloak currently unavailable)
rCorr  .         Warding  .     (gloves currently unavailable)
rMut   .         Stasis   .     (boots currently unavailable)
MR     .....                    (no amulet)
Stlth  +++.......               (ring currently unavailable)
                                (ring currently unavailable)

@: bat-form, flying, very quick, not resistant to hostile enchantments, fairly
stealthy
A: (fangs 0), see invisible, (unbreathing)
a: End Transformation, Renounce Religion


You were on level 6 of the Dungeon.
You worshipped Sif Muna.
Sif Muna was noncommittal.
You were not thirsty.
You were in vampire-bat-form.
You visited 2 branches of the dungeon, and saw 7 of its levels.

You collected 326 gold pieces.

Inventory:

Hand weapons
 n - a +1 rapier of flaming
 w - a +0 great sword
 x - a +0 blowgun
Missiles
 o - a throwing net (quivered)
 y - 3 curare-tipped needles
Armour
 a - a +0 robe
 g - a +0 helmet
 q - a cursed +0 robe (melded)
Jewellery
 v - an uncursed ring of ice {unknown}
 A - a cursed ring of loudness {unknown}
Scrolls
 d - 5 scrolls of identify {unknown}
 h - 3 scrolls of amnesia {unknown}
 i - 5 scrolls of immolation {unknown}
 j - 5 scrolls of remove curse {unknown}
 k - 2 scrolls of teleportation {unknown}
 l - 3 scrolls of magic mapping {unknown}
 p - 3 scrolls of blinking {unknown}
Potions
 c - 3 potions of curing {unknown}
 e - 3 potions of haste {unknown}
 f - a potion of flight {unknown}
 m - a potion of cure mutation {unknown}
 r - a potion of brilliance {unknown}
 s - a potion of invisibility {unknown}
 t - 2 potions of degeneration {unknown}
 u - 3 potions of agility {unknown}
 z - a potion of poison {unknown}
 B - a potion of heal wounds {unknown}
Books
 b - a book of Frost

   Spells                             Type                      Level
   a - Freeze                         Ice                          1
   b - Throw Frost                    Conjuration/Ice              2
   c - Ozocubu's Armour               Charms/Ice                   3
   d - Throw Icicle                   Conjuration/Ice              4
   e - Summon Ice Beast               Ice/Summoning                4
   f - Condensation Shield            Ice                          4


   Skills:
 - Level 2.1 Dodging
 - Level 3.0 Stealth
 - Level 3.0 Unarmed Combat
 - Level 3.0 Spellcasting
 + Level 2.6 Conjurations
 + Level 3.5 Charms
 * Level 6.5 Ice Magic


You had 6 spell levels left.
You knew the following spells:

 Your Spells              Type           Power        Failure   Level  Hunger
a - Freeze                Ice            ####         1%          1    None
b - Throw Frost           Conj/Ice       ###...       3%          2    ##.....
c - Ozocubu's Armour      Chrm/Ice       ###.....     8%          3    ###....


Dungeon Overview and Level Annotations

Branches:
Dungeon (6/15)             Temple (1/1) D:5

Altars:
Cheibriados
Dithmenos
Fedhas
Gozag
Kikubaaqudgha
Makhleb
Nemelex Xobeh
Okawaru
Qazlal
Ru
Sif Muna
Trog
Vehumet
Xom
Yredelemnul
Zin

Annotations:
D:3 George's ghost, average MiFi


Innate Abilities, Weirdness & Mutations

((You have razor-sharp teeth.))
You have supernaturally acute eyesight.
((You can survive without breathing.))


Message History

The killer bee stings you. x3
Use which ability? (? or * to list)
You turn into a vampire bat.
Your cursed +0 robe melds into your body.
The killer bee stings you!
* * * LOW HITPOINT WARNING * * *
The killer bee closely misses you. x3
The killer bee buzzes angrily. x2
The killer bee completely misses you. The killer bee misses you. x2
The killer bee stings you.
* * * LOW HITPOINT WARNING * * *
The killer bee closely misses you. The killer bee completely misses you.
The killer bee closely misses you. The killer bee closely misses you.
The killer bee barely misses you. The killer bee closely misses you.
The killer bee misses you. The killer bee stings you!
You die...

##..# #...##.....### #
...##...######.#..# #### #
##........##.....#### #..######
................## #..#..#..
..... ..##......# #..y#....
..... ##....## ##........ .....
###..## ####......... ...##
#....#####.....####### ...#
##..#.by........# ...#
#...##.yy....y..# #..##
##..####...###...# # #..#
####..## ###........# ##
#..###.....####..........###
##.
#..........#........###...###..
#...#####..........## ###......
##.### #..........# ##.....
#..# ##.#.......# ###...


You could see 4 killer bees.

Vanquished Creatures
  An ogre (D:5)
  A centaur (D:6)
  Blork the orc (D:6)
  A scorpion (D:6)
  2 crimson imps (D:6)
  A centaur skeleton (D:6)
  2 orc wizards
  3 orc priests (D:4)
  Jessica (D:2)
  2 worker ants (D:5)
  9 adders
  3 gnolls (D:4)
  An ooze (D:2)
  4 giant geckos
  12 orcs
  3 ball pythons
  12 bats
  7 giant cockroaches
  8 goblins
  15 hobgoblins
  6 jackals
  13 kobolds
  7 quokkas
  A giant gecko skeleton (D:4)
  5 giant newts
  20 rats
141 creatures vanquished.

Notes
Turn   | Place    | Note
--------------------------------------------------------------
     0 | D:1      | Darq the Vampire Ice Elementalist began the quest for the Orb.
     0 | D:1      | Reached XP level 1. HP: 13/13 MP: 3/3
   237 | D:1      | Reached skill level 1 in Unarmed Combat
   306 | D:1      | Reached XP level 2. HP: 19/19 MP: 3/5
   747 | D:1      | Reached XP level 3. HP: 20/24 MP: 3/6
  1077 | D:1      | Learned a level 2 spell: Throw Frost
  1498 | D:2      | Reached XP level 4. HP: 30/30 MP: 0/8
  1651 | D:2      | Noticed Jessica
  1685 | D:2      | Killed Jessica
  2057 | D:2      | Reached skill level 1 in Conjurations
  2090 | D:2      | Found a shimmering altar of Xom.
  2090 | D:2      | Found a burning altar of Makhleb.
  2446 | D:3      | Learned a level 3 spell: Ozocubu's Armour
  2550 | D:3      | Reached skill level 4 in Ice Magic
  2631 | D:3      | Found a stormy altar of Qazlal.
  2749 | D:3      | Found a snail-covered altar of Cheibriados.
  2758 | D:3      | Reached XP level 5. HP: 25/35 MP: 3/9
  3144 | D:3      | Noticed George's ghost (average MiFi)
  3766 | D:3      | Upgraded the game from 0.17-a0-1562-g9b2c768 to 0.17-a0-1570-g74b7129
  4476 | D:4      | Reached skill level 1 in Charms
  4683 | D:4      | Reached XP level 6. HP: 35/41 MP: 3/10
  4729 | D:4      | Reached skill level 5 in Ice Magic
  5164 | D:5      | Entered Level 5 of the Dungeon
  5772 | D:5      | Found a staircase to the Ecumenical Temple.
  5790 | Temple   | Entered the Ecumenical Temple
  5889 | Temple   | Upgraded the game from 0.17-a0-1570-g74b7129 to 0.17-a0-1646-geb1493d
  5914 | Temple   | Became a worshipper of Sif Muna the Loreminder
  6055 | D:5      | Reached XP level 7. HP: 46/46 MP: 8/11
  6452 | D:6      | Reached skill level 6 in Ice Magic
  7035 | D:5      | You fall through a shaft!
  7198 | D:6      | Noticed Blork the orc
  7213 | D:6      | Killed Blork the orc
  7406 | D:6      | Slain by a killer bee

Vault maps used:
D:1:      shiori_arrival_elements
D:2:      gammafunk_temple_overflow_elements, first_bread, uniq_jessica
D:3:      kennysheep_six_static_rooms, lemuel_crystal_altar,
          nicolae_qazlal_general_emergency
D:5:      minmay_temple_entry_trees, nrook_mini_vaults
D:6:      lemuel_round_altar, uniq_blork_the_orc, uniq_menkaure
Temple:   circular_temple_12

Action                   |  1- 3 |  4- 6 |  7- 9 || total
-------------------------+-------+-------+-------++-------
Melee: Unarmed           |    63 |    80 |    18 ||   161
 Cast: Freeze            |    43 |    99 |    32 ||   174
       Throw Frost       |     7 |    27 |     3 ||    37
       Ozocubu's Armour  |       |     3 |       ||     3
 Abil: Bat Form          |       |       |     2 ||     2
       End Transformatio |       |       |     1 ||     1
  Use: Potion            |     1 |       |       ||     1
 Stab: Sleeping          |     3 |    10 |       ||    13
       Distracted        |       |     1 |     1 ||     2
  Eat: Corpse            |    18 |    19 |     1 ||    38
